AoeStats
← miniducks

Four Lakes

509184295Analyzed
1v1 RM · 5d ago on Sep 25, 2026· 44m 3s· 2 players
Game mode
Random Map
Map size
Tiny (2 player)
Population
200
Speed
Normal
Resources
Standard
Victory
Conquest
Starting age
Dark Age
Ending age
Imperial Age
RankedLock teamsTeams togetherTeam positionsShared explorationLock speedFull tech treeHidden civsTurbo modeCheats
Victory
Defeat
🇺🇸 Franks · United States
825
+35
🇵🇪 Poles · Peru
762
-13
Nivram's
10:03 Feudal Age
13:34 Fishing Lines
16:55 Loom
24:09 Castle Age
23:47 Double-Bit Axe
25:45 Bow Saw
25:37 Pikeman
28:09 Forging
28:01 Scale Mail Armor
32:12 Iron Casting
35:12 Scale Barding Armor
35:12 Gillnets
37:32 Wheelbarrow
36:48 Town Watch
38:48 Chain Barding Armor
38:33 Town Patrol
39:31 Bloodlines
39:22 Husbandry
miniducks
5:40 Loom
9:41 Feudal Age
12:32 Double-Bit Axe
17:54 Wheelbarrow
22:21 Castle Age
21:55 Scale Barding Armor
23:48 Padded Archer Armor
23:39 Fletching
25:43 Bow Saw
29:46 Pikeman
31:23 Bodkin Arrow
33:14 Elite Skirmisher
35:07 Town Watch
35:38 Hand Cart
35:57 Leather Archer Armor
36:03 Chain Barding Armor
35:54 Forging
37:23 Scale Mail Armor
40:05 Chain Mail Armor
44:42 Imperial Age
Connection lost

Rejoining the realm…

Still unreachable

The connection could not be restored.

Session expired

The server has moved on; the page needs a fresh start.